 Dungeon Crawl Stone Soup version 0.26-a0-752-gcff87cac9a (webtiles) character file.

Game seed: 16519143677698675256

71 Antenora the Skirmisher (level 4, 0/35 HPs)
             Began as a Demonspawn Abyssal Knight on Nov 6, 2020.
             Was a Believer of Lugonu.
             Slain by Sigmund
             ... wielding a +0 scythe
              (11 damage)
             ... on level 2 of the Dungeon.
             The game lasted 00:04:04 (1623 turns).

Antenora the Skirmisher (Demonspawn Abyssal Knight) Turns: 1623, Time: 00:04:05

Health: 0/35       AC:  3    Str: 13    XL:     4   Next: 5%
Magic:  6/6        EV: 11    Int: 14    God:    Lugonu [**....]
Gold:   54         SH:  0    Dex: 12    Spells: 3/3 levels left

rFire    . . .     SeeInvis .   a - +1 falchion
rCold    . . .     Faith    .   (no shield)
rNeg     . . .     Spirit   .   b - +0 leather armour
rPois    .         Reflect  .   (no helmet)
rElec    .         Harm     .   (no cloak)
rCorr    .         Rampage  .   (no gloves)
MR       .....                  (no boots)
Stlth    +.........             (no amulet)
HPRegen  0.11/turn              (no ring)
MPRegen  0.10/turn              (no ring)

@: no status effects
A: claws 1, talons 1, spiny 1
a: Depart the Abyss, Bend Space, Renounce Religion


You were on level 2 of the Dungeon.
You worshipped Lugonu.
Lugonu was pleased with you.
You visited 1 branch of the dungeon, and saw 2 of its levels.
You visited the Abyss 1 time.

You collected 54 gold pieces.

Inventory:

Hand Weapons
 a - a +1 falchion (weapon)
Armour
 b - a +0 leather armour (worn)


   Skills:
 + Level 3.5 Fighting
 + Level 2.5 Long Blades
 + Level 2.3 Armour
 + Level 1.1 Dodging
 + Level 0.3 Stealth
 * Level 3.3 Invocations


You had 3 spell levels left.
You didn't know any spells.
Your spell library was empty.

Dungeon Overview and Level Annotations

Branches:
Dungeon (2/15)

Altars:

Annotations:
D:2 Sigmund


Innate Abilities, Weirdness & Mutations

You have sharp fingernails.
You have sharp toenails.
You are partially covered in sharp spines.


Message History

The goblin hits you with a +2 dagger of speed.
You hit the goblin.
You kill the goblin!
Lugonu accepts your kill. Something hits you. Something hits you!
Things that are here:
a +2 dagger of speed; a goblin corpse You miss something.
You slash something! Your kick misses something.
You hear some strange, mumbled words.
A magic dart appears from out of thin air!
The magic dart hits you.
* * * LOW HITPOINT WARNING * * *
Something hits you but does no damage.
You hit something. Your kick misses something.
You hear some strange, mumbled words.
Something tries to affect you, but you resist.
Something hits you!
You die...

#(÷...÷.# #.# #..)....#
#.# ######### #.......#
#.###........ #.(..)).#
#>.)@........
#((.....#####{###........
#........))(#.# #........
#.(......#)##.# #......).
#...)(.(.#..#.# ##.......
#.....<.@#....# .......
#....(...##...# ####...
#.......){g.#.# ...
###....######.#
#.....#.....#
#.....#.#####
##.....#.#####
#............#
#............#


There were no monsters in sight!

Vanquished Creatures
  Robin (D:2)
  A worm (D:2)
  4 dart slugs (D:1)
  2 leopard geckos (D:1)
  A ball python (D:1)
  16 goblins
  5 hobgoblins
  2 jackals (D:1)
  6 bats
  2 frilled lizards (D:1)
  2 kobolds (D:1)
  A rat (D:1)
43 creatures vanquished.

Vanquished Creatures (others)
  A hobgoblin (D:2)
1 creature vanquished.

Grand Total: 44 creatures vanquished

Notes
Turn   | Place    | Note
-------+----------+-------------------------------------------
     0 | Abyss:1  | Antenora the Demonspawn Abyssal Knight began the quest for
                  | the Orb.
     0 | Abyss:1  | Reached XP level 1. HP: 18/18 MP: 2/2
     5 | D:1      | Escaped the Abyss
   242 | D:1      | Reached * piety under Lugonu
   297 | D:1      | Gained mutation: You are partially covered in sharp spines.
                  | [demonic ancestry]
   297 | D:1      | Reached XP level 2. HP: 9/24 MP: 3/3
   661 | D:1      | Reached skill level 1 in Dodging
  1064 | D:1      | Gained mutation: You have sharp fingernails. [demonic
                  | ancestry]
  1064 | D:1      | Reached XP level 3. HP: 16/29 MP: 5/5
  1220 | D:2      | Noticed Robin
  1247 | D:2      | Killed Robin
  1324 | D:2      | Reached ** piety under Lugonu
  1324 | D:2      | Gained mutation: You have sharp toenails. [demonic
                  | ancestry]
  1324 | D:2      | Reached XP level 4. HP: 9/35 MP: 6/6
  1596 | D:2      | Noticed Sigmund
  1623 | D:2      | Slain by Sigmund

Illustrated notes

Levels and vault maps discovered:
D:1:      shiori_arrival_maze, layout_rooms
D:2:      layout_basic, fiery_altar_vehumet, uniq_robin, uniq_sigmund

Skill      XL: |  1  2 |
---------------+-------+-----
Long Blades    | 2 |  2.5
Armour         | 2 |  2.3
Dodging        | 1 |  1.1
Invocations    | 3 |  3.3
Fighting       | |  3.5
Stealth        | |  0.3

Action                   |  1- 3 |  4- 6 || total
-------------------------+-------+-------++-------
Melee: Falchion          |    75 |     6 ||    81
Invok: Depart the Abyss  |     1 |       ||     1
  Use: Potion            |     3 |       ||     3
       Scroll            |     1 |       ||     1
Armor: Leather armour    |    28 |     1 ||    29
       Skin              |    19 |       ||    19
Dodge: Dodged            |    69 |     5 ||    74
       Rpst.: Falchion   |    23 |     3 ||    26

Table legend: (Time is in decaauts)
 A = Elapsed time spent in this place.
 B = Non-inter-level travel time spent in this place.
 C = Inter-level travel time spent in this place.
 D = Time resting spent in this place.
 E = Time spent auto-exploring this place.
 F = Levels seen in this place.
 G = Mean time per level.
                   A        B        C        D        E       F      G
               +--------+--------+--------+--------+--------+-----+--------+
         Total |   1621 |   1621 |      0 |    808 |      0 |   3 |  540.3 |
       Dungeon |   1616 |   1616 |      0 |    808 |      0 |   2 |  808.0 |
         Abyss |      5 |      5 |      0 |      0 |      0 |   1 |    5.0 |
               +--------+--------+--------+--------+--------+-----+--------+

Top non-repeatable levels by time:
     D:1: 1166 daAuts
     D:2: 449 daAuts
 Abyss:1: 5 daAuts
